 Dungeon Crawl Stone Soup version 0.26.1-2-gb8aa6d0cf2 (webtiles) character file.

Game seed: 2705459641953142554

44 pascalblue the Digger (level 3, 0/19 HPs)
             Began as a Deep Elf Earth Elementalist on Mar 11, 2021.
             Succumbed to an adder's poison
             ... on level 2 of the Dungeon.
             The game lasted 00:04:50 (1090 turns).

pascalblue the Digger (Deep Elf Earth Elementalist) Turns: 1090, Time: 00:04:50

Health: 0/19       AC:  2    Str:  5    XL:     3   Next: 41%
Magic:  3/9        EV: 13    Int: 20    God:
Gold:   117        SH:  0    Dex: 15    Spells: 7/8 levels left

rFire    . . .     SeeInvis .   a - +0 short sword
rCold    . . .     Faith    .   (no shield)
rNeg     . . .     Spirit   .   c - +0 robe
rPois    .         Reflect  .   (no helmet)
rElec    .         Harm     .   (no cloak)
rCorr    .         Rampage  .   (no gloves)
Will     .....                  (no boots)
Stlth    ++........             (no amulet)
HPRegen  0.06/turn              (no ring)
MPRegen  0.11/turn              (no ring)

@: mighty, lethally poisoned (0 -> -3)
A: no striking features
a: no special abilities


You were on level 2 of the Dungeon.
You visited 1 branch of the dungeon, and saw 2 of its levels.

You collected 117 gold pieces.

Inventory:

Hand Weapons
 a - a +0 short sword (weapon)
Missiles
 b - 26 stones
Armour
 c - a +0 robe (worn)
Jewellery
 h - an uncursed amulet of reflection
Scrolls
 d - 2 scrolls of enchant weapon {unknown}
 e - a scroll of enchant armour {unknown}
 f - a scroll of amnesia {unknown}
 g - a scroll of random uselessness {unknown}
 i - a scroll of noise {unknown}
 j - a scroll of identify {unknown}


   Skills:
 - Level 3.0 Dodging
 - Level 3.0 Stealth
 + Level 3.4 Spellcasting
 + Level 1.6 Transmutations
 * Level 4.0 Earth Magic


You had 7 spell levels left.
You knew the following spells:

 Your Spells              Type           Power        Failure   Level
a - Sandblast             Erth           38%          2%          1

Your spell library contained the following spells:

 Spells                   Type           Power        Failure   Level
 Passwall                 Tmut/Erth      11%          6%          2
 Stone Arrow              Conj/Erth      22%          19%         3
 Petrify                  Tmut/Erth      14%          38%         4
 Lee's Rapid Deconstruct  Erth           9%           58%         5


Dungeon Overview and Level Annotations

Branches:
Dungeon (2/15)

Altars:
Trog


Message History

* * * LOW HITPOINT WARNING * * *
You feel sick.
You see here an orange potion.
There is a lethal amount of poison in your body!
k - an orange potion
* * * LOW HITPOINT WARNING * * *
You feel sick.
* * * LOW HITPOINT WARNING * * *
You feel sick.
* * * LOW HITPOINT WARNING * * *
You feel sick.
* * * LOW HITPOINT WARNING * * *
You feel sick.
It was a potion of might.
You feel very mighty all of a sudden.
* * * LOW HITPOINT WARNING * * *
You feel sick.
Found a dagger.
Found a bloodstained altar of Trog.
An adder comes into view.
You die...

#....###.#########
#....###.# #
#[...##..######### ##
#....##........##. ...
#....†.........#.8 ....
#................. .....
#.................
......#.................
.S.....@.............#.8
.......).............##.
.........#..############
..............# ##..
..........###.# ##...
......_..## ..# ###..##
####...... .# #......
####... ######. ##....


You could see an adder (asleep).

Vanquished Creatures
  An adder (D:2)
  2 leopard geckos (D:1)
  A giant cockroach (D:2)
  4 goblins (D:1)
  4 hobgoblins (D:1)
  4 jackals
  6 kobolds
  5 bats
  A frilled lizard (D:1)
  3 rats
31 creatures vanquished.

Notes
Turn   | Place    | Note
-------+----------+-------------------------------------------
     0 | D:1      | pascalblue the Deep Elf Earth Elementalist began the quest
                  | for the Orb.
     0 | D:1      | Reached XP level 1. HP: 10/10 MP: 6/6
   214 | D:1      | Reached XP level 2. HP: 14/15 MP: 1/8
   919 | D:2      | Reached XP level 3. HP: 19/19 MP: 5/9
  1064 | D:2      | Reached skill level 4 in Earth Magic
  1088 | D:2      | Found a bloodstained altar of Trog.
  1090 | D:2      | Succumbed to an adder's poison

Illustrated notes

Levels and vault maps discovered:
D:1:      dpeg_arrival_oval, layout_basic, minmay_nonomino_d4
D:2:      layout_rooms, general_overflow_altar, bloody_trog,
          wad_floor_pattern_untrapped

Skill      XL: |  1  2  3 |
---------------+----------+-----
Dodging        | 3 |  3.0
Stealth        | 3 |  3.0
Earth Magic    | 4 |  4.0
Spellcasting   | |  3.4
Transmutations | |  1.6

Action                   || total
-------------------------++-------
Melee: Short sword       ||     8
       Unarmed           ||     1
 Cast: Sandblast         ||    47
  Use: Potion            ||     1
 Stab: Distracted        ||     1
Armor: Robe              ||    12
Dodge: Dodged            ||    42
